 Dungeon Crawl Stone Soup version 0.24.1-8-ga250c9d538 (webtiles) character file.

Game seed: 18151774299803095680, levelgen mode: deterministic

32467 Amplified the Geomancer (level 13, -6/107 HPs)
             Began as a Demigod Earth Elementalist on Apr 27, 2020.
             Mangled by a minotaur
             ... wielding a +0 bardiche
              (11 damage)
             ... in a Gauntlet.
             The game lasted 00:34:29 (13749 turns).

Amplified the Geomancer (DgEE)                     Turns: 13749, Time: 00:34:30

Health: -6/107     AC: 13    Str: 15    XL:     13   Next: 3%
Magic:  2/37       EV: 17    Int: 23    God:
Gold:   67         SH:  0    Dex: 16    Spells: 3/26 levels left

rFire    . . .     SeeInvis .   a - +9 quarterstaff (chaos)
rCold    + . .     Gourm    .   (shield currently unavailable)
rNeg     . . .     Faith    .   i - +1 animal skin
rPois    .         Spirit   .   j - +1 helmet
rElec    .         Reflect  .   f - +0 cloak
rCorr    .         Harm     .   A - +0 pair of gloves
MR       ++...     NoTele   +   e - +2 pair of boots of the Assassin {Detection Stab+ Stlth++}
Stlth    ++++......             H - amulet of regeneration
HPRegen  0.67/turn              g - ring of protection from cold
MPRegen  0.25/turn              x - ring of magical power

@: very slightly contaminated, drained
A: molten scales 1, high mp 1, magic resistance 1
a: no special abilities


You were in a Gauntlet.
You were not hungry.

You visited 1 branch of the dungeon, and saw 11 of its levels.
You also visited: Ossuary, Bailey and Gauntlet.

You collected 883 gold pieces.
You spent 816 gold pieces at shops.

Inventory:

Hand Weapons
 a - a +9 quarterstaff of chaos (weapon)
 F - the +4 great mace of Plague {flame, rF+ Int+7}
   (You bought it in a shop on level 11 of the Dungeon)

   It has been specially enchanted to burn those struck by it, causing extra
   injury to most foes and up to half again as much damage against particularly
   susceptible opponents.
   It affects your intelligence (+7).
   It protects you from fire.
 G - the +7 bardiche "Naevues" {pain, Str+6 Int-4 Dex+5}
   (You bought it in a shop on level 11 of the Dungeon)

   In the hands of one skilled in necromantic magic, it inflicts extra damage on
   living creatures.
   It affects your strength (+6).
   It affects your intelligence (-4).
   It affects your dexterity (+5).
Missiles
 b - 187 stones
 n - 67 poisoned darts (quivered)
Armour
 e - the +2 pair of boots of the Assassin (worn) {Detection Stab+ Stlth++}
   (You found it in a Gauntlet)

   It makes you much more stealthy.
 f - a +0 cloak (worn)
 i - a +1 animal skin (worn)
 j - a +1 helmet (worn)
 A - a +0 pair of gloves (worn)
Jewellery
 g - a ring of protection from cold (left hand)
 v - an uncursed ring of stealth
 x - a ring of magical power (right hand)
 C - an uncursed amulet of magic regeneration
 H - an amulet of regeneration (around neck)
Wands
 q - a wand of flame (56)
 r - a wand of digging (2)
 s - a wand of polymorph (8)
Scrolls
 c - 3 scrolls of magic mapping
 k - 3 scrolls of amnesia
 m - 3 scrolls of remove curse
 w - a scroll of teleportation
 y - a scroll of silence
 z - a scroll of fog
Potions
 E - a potion of flight
Comestibles
 d - 22 rations


   Skills:
 * Level 7.7(7.0) Fighting
 - Level 1.2(4.0) Maces & Flails
 * Level 7.3(6.6) Staves
 * Level 7.6(6.9) Armour
 * Level 7.8(7.1) Dodging
 - Level 1.7(1.1) Stealth
 * Level 7.3(6.6) Spellcasting
 * Level 0.8(0.2) Conjurations
 - Level 5.5(4.8) Transmutations
 * Level 8.1(7.3) Earth Magic


You had 3 spell levels left.
You knew the following spells:

 Your Spells              Type           Power        Failure   Level  Hunger
a - Sandblast             Erth           #####.       1%          1    None
b - Passwall              Tmut/Erth      #####...     1%          2    None
c - Stone Arrow           Conj/Erth      ####..       4%          3    None
d - Petrify               Tmut/Erth      #####...     6%          4    ###....
e - Lee's Rapid Deconstr  Erth           #####.....   11%         5    #####..
f - Iron Shot             Conj/Erth      ####......   95%         6    ######.
g - Sticks to Snakes      Tmut           ####....     1%          2    None

Your spell library contained the following spells:

 Spells                   Type           Power        Failure   Level  Hunger
 Beastly Appendage        Tmut           ####..       1%          1    None
 Sting                    Conj/Pois      #...         8%          1    None
 Spider Form              Tmut/Pois      ###.......   9%          3    None
 Bolt of Magma            Conj/Fire/Erth ###.......   61%         5    #####..
 Iskenderun's Battlesphe  Conj/Chrm      #.......     91%         5    #####..
 Venom Bolt               Conj/Pois      #.........   91%         5    #####..
 Orb of Destruction       Conj           #.........   100%        7    #######
 Spellforged Servitor     Conj/Summ      #.........   100%        7    #######


Dungeon Overview and Level Annotations

Branches:
Dungeon (11/15)            Temple (0/1) D:7            Lair (0/6) D:8
Ossuary (visited)          Bailey (visited)         Gauntlet (1/1)
    Orc: D:9-12

Shops:
D:8 :   D:11 (

Annotations:
D:4 3 runed translucent doors, barcode's ghost, novice DsCj
D:8 exclusion: 2 oklob saplings Gauntlet 12 transporters


Innate Abilities, Weirdness & Mutations

You have an increased reservoir of magic. (+10% MP)
You are partially covered in molten scales. (AC +2)
You are resistant to hostile enchantments. (MR+)


Message History

* * * LOW HITPOINT WARNING * * *
The minotaur convulses!
Unknown command.
Unknown command.
Unknown command.
Casting: Lee's Rapid Deconstruction (slightly dangerous; 11% risk of failure)
Confirm with . or Enter, or press ? or * to list all spells.
Okay, then.
The minotaur hits you from afar with a +0 bardiche!
* * * LOW HITPOINT WARNING * * *
Casting: Lee's Rapid Deconstruction (slightly dangerous; 11% risk of failure)
Confirm with . or Enter, or press ? or * to list all spells.
Aiming: Sandblast (safe; 1% risk of failure)
Press: ? - help, Shift-Dir - straight line, f - minotaur
Aim: a minotaur, wielding a +0 bardiche and wearing the +6 ice dragon scales "Fehelumo" {rF- rC++ MR+ MP+9 Int+3} (almost dead, poisoned)
The blast of sand hits the minotaur but does no damage.
The minotaur is almost dead.
b - 187 stones The minotaur hits you from afar with a +0 bardiche!
You die...

#(. #8H #:. #### ### .#8.
#(8### #....#.. #@...#
#.#..#8. #..#.#
#.#..##'##H.#.#
#.............#
#.#.##.#(##.#.# #.#...
#....#.#
###.#.#######.#.###
#≈...............≈#
####8§.©.©.©.©.©.©..8####
### ##


You could see a minotaur.

Vanquished Creatures
  Harold (D:9)
  An orc knight (Bailey)
  A cyclops (D:11)
  Maurice (D:8)
  A hornet (D:8)
  3 hippogriffs
  A spectral black mamba (Gauntlet)
  Sigmund (D:3)
  2 wyverns
  6 yaks (D:10)
  4 hungry ghosts
  Edmund (D:6)
  3 soldier ants (Gauntlet)
  6 porcupines (D:8)
  2 water moccasins (D:8)
  2 sky beasts
  An ice beast (D:7)
  6 orc warriors
  A phantom (D:7)
  2 black bears
  7 ogres
  5 centaurs
  Blork the orc (D:5)
  2 big kobolds
  6 bullfrogs
  A gnoll sergeant (D:10)
  2 scorpions
  10 killer bees (D:9)
  3 crimson imps
  3 centaur zombies
  7 hounds
  2 bullfrog zombies (D:5)
  A jelly (D:6)
  Crazy Yiuf (D:2)
  5 orc priests
  4 orc wizards
  3 iguanas
  Natasha (D:2)
  4 worker ants
  Ijyb (D:5)
  3 big kobold zombies (Ossuary)
  2 hound skeletons
  3 mummies
  2 worker ant zombies
  A howler monkey zombie (D:5)
  Robin (D:2)
  7 adders
  14 gnolls
  2 shadow imps (Gauntlet)
  A white imp (Gauntlet)
  An adder zombie (D:7)
  A worm (D:5)
  4 leopard geckos
  53 orcs
  8 ball pythons
  8 bats
  2 giant cockroaches
  27 goblins
  23 hobgoblins
  2 jackals (D:8)
  4 quokkas
  6 frilled lizards
  A giant cockroach zombie (D:5)
  3 gnoll zombies (Ossuary)
  2 goblin zombies (Ossuary)
  3 hobgoblin zombies
  40 kobolds
  2 kobold zombies (D:6)
  2 leopard gecko skeletons
  A leopard gecko zombie (D:5)
  4 orc zombies
  A quokka skeleton (D:7)
  10 rats
  A plant (D:8)
360 creatures vanquished.

Vanquished Creatures (collateral kills)
  An ogre (D:7)
1 creature vanquished.

Vanquished Creatures (others)
  A bush (D:8)
  4 demonic plants (Gauntlet)
  36 fungi (D:8)
  7 plants (D:8)
  8 withered plants (Gauntlet)
56 creatures vanquished.

Grand Total: 417 creatures vanquished

Notes
Turn   | Place    | Note
-------+----------+-------------------------------------------
     0 | D:1      | Amplified the Demigod Earth Elementalist began the quest
                  | for the Orb.
     0 | D:1      | Reached XP level 1. HP: 14/14 MP: 5/5
   185 | D:1      | Reached XP level 2. HP: 21/22 MP: 5/7
   858 | D:2      | Learned a level 2 spell: Passwall
   909 | D:2      | Gained mutation: Your body sometimes deteriorates upon
                  | taking damage. [potion of mutation]
   909 | D:2      | Gained mutation: You have a considerably increased
                  | reservoir of magic. (+20% MP) [potion of mutation]
   911 | D:2      | Lost mutation: Your body sometimes deteriorates upon taking
                  | damage. [potion of mutation]
   911 | D:2      | Lost mutation: You have a considerably increased reservoir
                  | of magic. (+20% MP) [potion of mutation]
   911 | D:2      | Gained mutation: You are partially covered in molten
                  | scales. (AC +2) [potion of mutation]
   911 | D:2      | Gained mutation: You are resistant to hostile enchantments.
                  | (MR+) [potion of mutation]
   915 | D:2      | Reached skill level 1 in Armour
   949 | D:2      | Noticed Robin
   954 | D:2      | Reached XP level 3. HP: 21/27 MP: 5/8
   958 | D:2      | Reached skill level 1 in Fighting
  1029 | D:1      | Reached skill level 3 in Earth Magic
  1159 | D:2      | Killed Robin
  1187 | D:2      | Learned a level 3 spell: Stone Arrow
  1355 | D:2      | Found a glowing golden altar of the Shining One.
  1492 | D:2      | Noticed Natasha
  1592 | D:2      | Reached XP level 4. HP: 28/35 MP: 3/10
  1594 | D:2      | Reached skill level 1 in Maces & Flails
  1702 | D:2      | Killed Natasha
  1747 | D:2      | Found a runed translucent door.
  1748 | D:2      | Noticed Crazy Yiuf
  1759 | D:2      | Killed Crazy Yiuf
  1812 | D:3      | Found a hazy altar of Hepliaklqana.
  2019 | D:3      | Found an iron altar of Okawaru.
  2077 | D:3      | Reached XP level 5. HP: 37/40 MP: 11/11
  2112 | D:3      | Noticed Sigmund
  2426 | D:4      | Noticed an ogre
  2448 | D:4      | Killed an ogre
  2448 | D:4      | Reached skill level 1 in Staves
  2448 | D:4      | Reached XP level 6. HP: 5/48 MP: 5/13
  2726 | D:4      | You fall into a shaft and drop 1 floor!
  2726 | D:5      | Entered Level 5 of the Dungeon
  3551 | D:3      | Learned a level 4 spell: Petrify
  3587 | D:3      | Killed Sigmund
  3587 | D:3      | Reached XP level 7. HP: 34/56 MP: 15/15
  4261 | D:4      | Reached skill level 4 in Earth Magic
  4306 | D:4      | Found a runed translucent gate.
  4307 | D:4      | Found a runed translucent gate.
  4310 | D:4      | Found a runed translucent gate.
  4338 | D:4      | Noticed barcode's ghost (novice DsCj)
  4548 | D:5      | Noticed Ijyb
  4560 | D:5      | Killed Ijyb
  4569 | D:5      | Noticed Blork the orc
  4785 | D:5      | Killed Blork the orc
  5309 | D:6      | Reached XP level 8. HP: 52/63 MP: 15/17
  5371 | D:6      | Found a radiant altar of Vehumet.
  5472 | D:6      | Noticed Edmund
  5493 | D:6      | Killed Edmund
  5959 | D:6      | Reached skill level 1 in Transmutations
  6515 | D:7      | Found a sand-covered staircase.
  6574 | Ossuary  | Entered an ossuary
  6649 | Ossuary  | Reached skill level 5 in Earth Magic
  7226 | D:7      | Reached XP level 9. HP: 38/72 MP: 6/19
  7362 | D:7      | Found a staircase to the Ecumenical Temple.
  7667 | D:8      | Noticed Maurice
  7871 | D:8      | Found Itheilir's Book Shoppe.
  7943 | D:8      | Reached skill level 5 in Dodging
  7995 | D:8      | Killed Maurice
  8006 | D:8      | Reached skill level 5 in Fighting
  8006 | D:8      | Reached skill level 5 in Armour
  8015 | D:8      | Reached skill level 5 in Spellcasting
  8249 | D:8      | Found a staircase to the Lair.
  8911 | D:8      | Found a blossoming altar of Fedhas.
  8938 | D:8      | Reached XP level 10. HP: 81/81 MP: 21/21
  8944 | D:8      | Paralysed by a hornet for 2 turns
  8954 | D:8      | Identified the Papyrus of Nature
  9323 | D:9      | Reached skill level 6 in Earth Magic
  9334 | D:9      | Reached skill level 5 in Staves
  9747 | D:9      | Noticed Harold
  9777 | D:9      | Killed Harold
  9789 | D:9      | Learned a level 5 spell: Lee's Rapid Deconstruction
  9845 | D:9      | Found a glowing golden altar of the Shining One.
  9855 | D:9      | Found an iron altar of Okawaru.
 10255 | D:9      | Found an opulent altar of Gozag.
 10256 | D:9      | Found a sacrificial altar of Ru.
 10775 | D:10     | Entered Level 10 of the Dungeon
 10835 | D:10     | Found a flagged portal.
 10923 | Bailey   | Entered a bailey
 10928 | Bailey   | Noticed an orc warlord
 11022 | Bailey   | Found a runed translucent gate.
 11024 | Bailey   | Found a runed translucent gate.
 11026 | Bailey   | Found a runed translucent gate.
 11033 | Bailey   | Noticed an orc knight
 11090 | Bailey   | Killed an orc knight
 11580 | D:10     | Reached skill level 5 in Transmutations
 11580 | D:10     | Reached skill level 7 in Earth Magic
 11580 | D:10     | Reached XP level 11. HP: 27/91 MP: 24/24
 11581 | D:10     | Reached XP level 12. HP: 30/100 MP: 27/27
 12076 | D:10     | Reached skill level 8 in Earth Magic
 12123 | D:10     | Learned a level 6 spell: Iron Shot
 12274 | D:11     | Found Zengo's Antique Weapon Shop.
 12277 | D:11     | Bought a jewelled great mace for 368 gold pieces
 12277 | D:11     | Bought a fine bardiche for 448 gold pieces
 12277 | D:11     | Identified the +7 bardiche "Naevues" {pain, Str+6 Int-4
                  | Dex+5} (You bought it in a shop on level 11 of the Dungeon)
 12278 | D:11     | Identified the +4 great mace of Plague {flame, rF+ Int+7}
                  | (You bought it in a shop on level 11 of the Dungeon)
 12323 | D:11     | Reached XP level 13. HP: 54/107 MP: 28/28
 12347 | D:11     | Found a gate leading to a gauntlet.
 12351 | D:11     | Found a sacrificial altar of Ru.
 12413 | Gauntlet | Entered a Gauntlet
 12413 | Gauntlet | Found a transporter.
 12561 | Gauntlet | Found a transporter.
 12576 | Gauntlet | Found a transporter.
 12581 | Gauntlet | Found a transporter.
 12600 | Gauntlet | Found a transporter.
 12615 | Gauntlet | Found a transporter.
 12625 | Gauntlet | Noticed a cacodemon
 12627 | Gauntlet | Found a transporter.
 12633 | Gauntlet | Found a transporter.
 12645 | Gauntlet | Found a transporter.
 12660 | Gauntlet | Found a transporter.
 12672 | Gauntlet | Found a transporter.
 12674 | Gauntlet | Found the +2 pair of boots of the Assassin {Detection Stab+
                  | Stlth++}
 12678 | Gauntlet | Found a transporter.
 12678 | Gauntlet | Found a transporter.
 12717 | Gauntlet | Found a transporter.
 12742 | Gauntlet | Found a transporter.
 12744 | Gauntlet | Found a transporter.
 12764 | Gauntlet | Found a transporter.
 12854 | Gauntlet | Found a transporter.
 13272 | Gauntlet | Learned a level 2 spell: Sticks to Snakes
 13725 | Gauntlet | Identified the +6 ice dragon scales "Fehelumo" {rF- rC++
                  | MR+ MP+9 Int+3}
 13725 | Gauntlet | Noticed a minotaur
 13747 | Gauntlet | HP: 3/107 [minotaur/+0 bardiche (14)]
 13749 | Gauntlet | Mangled by a minotaur

Levels and vault maps discovered:
D:1:      evilmike_arrival_hilbert_curve, layout_loops_ring, minmay_hexomino_f4
D:2:      layout_basic, first_ration, nicolae_tso_carved_into_rock, uniq_robin,
          uniq_crazy_yiuf_cottage, uniq_natasha
D:3:      layout_rooms, old_standard_altar, okawaru_gym_becter, uniq_sigmund
D:4:      corexii_shantytown, layout_basic, gammafunk_ghost_icy
D:5:      layout_cave_pods, uniq_ijyb, uniq_blork_the_orc
D:6:      layout_layer_cave, overflow_temple_1_default, minivault_5,
          minmay_mini_ossuary, uniq_edmund
D:7:      layout_basic, minmay_temple_entry_arrows,
          lightli_ossuary_entry_decrepit_ruins
D:8:      layout_loops_ring, due_lair_maze_entry_diamond, serial_shops,
          nicolae_shop_crystal, minmay_liquid_box, introduction_to_nature_2,
          uniq_maurice
D:9:      layout_roguey [special_room_orc], grunt_temple_overflow_cloverleaf,
          blue_anna_alchemist [blue_anna_fruit_fields, blue_anna_fruit_fields],
          minmay_statues_item, uniq_harold
D:10:     layout_basic, enter_bailey_3, minivault_1
D:11:     gammafunk_beogh_shrine, layout_cross, serial_shops,
          kennysheep_mini_moat, gauntlet_entry_generic, basic_altar
Gauntlet: gammafunk_gauntlet_one_two_three [gammafunk_gauntlet_arena_corners,
          gammafunk_gauntlet_arena_mazey, nicolae_gauntlet_arena_flowing_pool,
          gammafunk_gauntlet_arena_arrow_garden,
          gammafunk_gauntlet_arena_crates, gammafunk_gauntlet_arena_open,
          gammafunk_gauntlet_arena_spirals, gammafunk_gauntlet_arena_chambers,
          nicolae_gauntlet_arena_x, nicolae_gauntlet_exit_dead_adventurers]

Skill      XL: |  1  2  3  4  5  6  7  8  9 10 11 12 |
---------------+-------------------------------------+-----
Dodging        | 2 3 4 5 7 |  7.8
Spellcasting   | 2 3 4 5 6 7 |  7.3
Armour         | 1 2 3 4 5 6 7 |  7.6
Fighting       | 1 2 3 4 5 6 7 |  7.7
Earth Magic    | 3 4 5 7 8 |  8.1
Maces & Flails | 1 |  1.2
Staves         | 1 2 3 4 6 7 |  7.3
Transmutations | 2 3 5 |  5.5
Stealth        | |  1.7
Conjurations   | |  0.8

Action                   |  1- 3 |  4- 6 |  7- 9 | 10-12 | 13-15 || total
-------------------------+-------+-------+-------+-------+-------++-------
Melee: Unarmed           |     3 |       |       |       |       ||     3
       Whip              |    34 |       |       |       |       ||    34
       Flail             |     2 |     1 |       |       |       ||     3
       Quarterstaff      |       |   103 |   368 |   226 |    35 ||   732
Throw: Throwing net      |     1 |     1 |       |       |       ||     2
       Dart              |       |    24 |       |       |     4 ||    28
 Cast: Sandblast         |    65 |    20 |     1 |       |     1 ||    87
       Stone Arrow       |       |     5 |    69 |    18 |     1 ||    93
       Passwall          |       |       |     2 |       |       ||     2
       Lee's Rapid Decon |       |       |       |    17 |     8 ||    25
       Petrify           |       |       |       |     9 |     1 ||    10
Evoke: Wand              |       |       |     2 |     9 |     6 ||    17
  Use: Potion            |     5 |     4 |     7 |    12 |     6 ||    34
       Scroll            |     7 |     5 |    10 |     7 |     5 ||    34
 Stab: Sleeping          |     1 |     6 |     9 |       |       ||    16
       Held in net/web   |     1 |       |       |       |       ||     1
       Paralysed         |       |     1 |     2 |       |     7 ||    10
       Petrified         |       |       |     1 |     8 |       ||     9
       Confused          |       |       |     1 |     1 |       ||     2
       Distracted        |       |       |       |     3 |       ||     3
  Eat: Chunk             |     3 |     6 |    15 |    12 |     1 ||    37
       Ration            |       |     1 |     2 |     3 |     2 ||     8
Armor: Robe              |    10 |       |       |       |       ||    10
       Animal skin       |     7 |    40 |   119 |    82 |    24 ||   272
       Skin              |       |       |     4 |    29 |       ||    33
Dodge: Dodged            |    41 |   106 |   324 |   201 |    67 ||   739
